 Dungeon Crawl Stone Soup version 0.24-a0-284-g9fb9971 (webtiles) character file.

Game seed: 5387798650348984762

88 Anon1729 the Sneak (level 4, 0/35 HPs)
             Began as a Vampire Monk on May 5, 2019.
             Succumbed to an adder's poison
             ... on level 2 of the Dungeon.
             The game lasted 00:02:16 (2028 turns).

Anon1729 the Sneak (Vampire Monk)                   Turns: 2028, Time: 00:02:17

Health: 0/35       AC:  2    Str: 10    XL:     4   Next: 30%
Magic:  4/4        EV: 14    Int: 12    God:
Gold:   132        SH:  0    Dex: 17    Spells: 3/3 levels left

rFire    . . .     SeeInvis +   a - +0 falchion
rCold    . . .     Gourm    .   (no shield)
rNeg     + . .     Faith    .   b - +0 robe
rPois    .         Spirit   .   (no helmet)
rElec    .         Reflect  .   (no cloak)
rCorr    .         Harm     .   (no gloves)
MR       .....                  (no boots)
Stlth    +++.......             (no amulet)
HPRegen  0.11/turn              (no ring)
MPRegen  0.09/turn              (no ring)

@: lethally poisoned (0 -> -9), hasted, very quick
A: fangs 3, see invisible, unbreathing
a: Bat Form


You were on level 2 of the Dungeon.
You were not thirsty.

You visited 1 branch of the dungeon, and saw 3 of its levels.

You collected 132 gold pieces.

Inventory:

Hand Weapons
 a - a +0 falchion (weapon)
Armour
 b - a +0 robe (worn)
Jewellery
 c - a cursed -3 ring of intelligence {unknown}
Scrolls
 d - 2 scrolls of enchant weapon {unknown}
 e - a scroll of identify {unknown}
 f - a scroll of amnesia {unknown}
Potions
 q - 17 potions of blood


   Skills:
 + Level 3.3 Fighting
 + Level 3.8 Long Blades
 + Level 3.9 Dodging
 + Level 4.1 Stealth


You had 3 spell levels left.
You didn't know any spells.
Your spell library was empty.

Dungeon Overview and Level Annotations

Branches:
Dungeon (3/15)

Altars:


Innate Abilities, Weirdness & Mutations

You have razor-sharp teeth.
You have supernaturally acute eyesight. (SInv)
You can survive without breathing.


Message History

* * * LOW HITPOINT WARNING * * *
It was a potion of haste.
You feel yourself speed up.
* * * LOW HITPOINT WARNING * * *
You feel sick. The adder barely misses you.
* * * LOW HITPOINT WARNING * * *
You feel sick.
You see here a +0 dagger.
You closely miss the adder.
The adder is moderately wounded.
The adder bites you.
* * * LOW HITPOINT WARNING * * *
You are more poisoned.
The adder poisons you!
You miss the adder.
The adder is moderately wounded.
* * * LOW HITPOINT WARNING * * *
You feel sick. The adder completely misses you.
You riposte.
You closely miss the adder.
The adder is moderately wounded.
You die...

##<..##.# #.#.# ###
#.#.##.######.#.# #..
#.............#.######.#
#######.#.....##.........##.#
#.........#...##.........##.#
#.........#...##.........##.#
#.........#........#........#
#.........#.#..###.##########
#...........@..#.#.#
#........#..##S#...##########
#........#.>...#.#...........
#........#######.##.#########
########## #.##.# #.##.#
#....# ######


You could see an adder.

Vanquished Creatures
  2 adders (D:2)
  2 oozes
  2 dart slugs
  An orc (D:2)
  5 giant cockroaches
  7 goblins
  4 hobgoblins
  4 jackals
  A quokka (D:2)
  2 ball pythons
  5 bats
  3 frilled lizards (D:1)
  8 kobolds
  8 rats
54 creatures vanquished.

Notes
Turn   | Place    | Note
-------+----------+-------------------------------------------
     0 | D:1      | Anon1729 the Vampire Monk began the quest for the Orb.
     0 | D:1      | Reached XP level 1. HP: 17/17 MP: 1/1
    98 | D:1      | Reached XP level 2. HP: 17/23 MP: 2/2
   766 | D:1      | Reached XP level 3. HP: 29/29 MP: 3/3
  1892 | D:2      | Reached XP level 4. HP: 35/35 MP: 4/4
  2015 | D:2      | Reached skill level 4 in Stealth
  2027 | D:2      | HP: 1/35 [poisoned by an adder]
  2028 | D:2      | Succumbed to an adder's poison

Levels and vault maps discovered:
D:1:      minmay_arrival_stair_chambers, layout_basic, kennysheep_boxes
D:2:      layout_basic, grunt_decor_clamped, interstate_on_off,
          minmay_pentomino_s4
D:3:      layout_rooms, first_ration, grunt_decor_mini_mirrors, uniq_sigmund

Skill      XL: |  1  2  3  4 |
---------------+-------------+-----
Fighting       | 3 |  3.3
Stealth        | 4 |  4.1
Long Blades    | |  3.8
Dodging        | |  3.9

Action                   |  1- 3 |  4- 6 || total
-------------------------+-------+-------++-------
Melee: Falchion          |   122 |    18 ||   140
       Bite              |     9 |     1 ||    10
  Use: Potion            |       |     5 ||     5
 Stab: Sleeping          |    14 |     2 ||    16
Armor: Robe              |    22 |     4 ||    26
Dodge: Dodged            |    91 |    13 ||   104
       Rpst.: Falchion   |    26 |     6 ||    32

Table legend:
 A = Non-vault XP
 B = Vault XP
 C = Vault XP percentage of total XP
 D = Non-vault monster count
 E = Vault monster count
 F = Vault count percentage of total count
                 A         B        C        D         E       F
            +---------+---------+-------+---------+---------+-------
      Total |     115 |      12 |   9.4 |      50 |       4 |   7.4
            +---------+---------+-------+---------+---------+-------
        D:1 |      58 |       0 |   0.0 |      33 |       0 |   0.0
        D:2 |      57 |      12 |  17.4 |      17 |       4 |  19.0
            +---------+---------+-------+---------+---------+-------
